 Dungeon Crawl Stone Soup version 0.29.1-4-g47bece8355 (webtiles) character file.

Game seed: 9430528855942138138

236 hawla the Chiller (level 6, -8/40 (45) HPs)
             Began as a Meteoran Ice Elementalist on Dec 6, 2022.
             Mangled by a wight
             ... wielding a +0 falchion
              (9 damage)
             ... on level 5 of the Dungeon.
             The game lasted 00:09:27 (1030 turns).

hawla the Chiller (Meteoran Ice Elementalist)       Turns: 1030, Time: 00:09:27

HP:   -8/40 (45)    AC:  4    Str: 10    XL:     6   Next: 53%
MP:   10/12         EV: 17    Int: 19    God:
Gold: 103           SH:  0    Dex: 14    Spells: 4/12 levels left

rFire   . . .      SeeInvis .   g - staff of conjuration
rCold   . . .      Faith    .   (no shield)
rNeg    . . .      Spirit   .   a - +0 robe
rPois   .          Reflect  .   (no helmet)
rElec   .          Harm     .   (no cloak)
rCorr   .          Rampage  .   l - +1 pair of gloves
Will    .....                   (no boots)
Stlth   +.........              (no amulet)
HPRegen 0.13/turn               i - +4 ring of evasion
MPRegen 0.13/turn               (no ring)

@: freezing walls, glowing, heavily drained
A: sense surroundings 1, otherworldly, glowing, explore regen
a: no special abilities


You were on level 5 of the Dungeon.
You visited 2 branches of the dungeon, and saw 7 of its levels.

You collected 103 gold pieces.

Inventory:

Armour
 a - a +0 robe (worn)
 l - a +1 pair of gloves (worn)
Magical Staves
 g - a staff of conjuration (weapon)
Jewellery
 i - a +4 ring of evasion (left hand)
 p - a ring of positive energy
Wands
 f - a wand of paralysis (5)
Scrolls
 d - 2 scrolls of poison
 h - 2 scrolls of identify
 k - a scroll of immolation {unknown}
 m - 3 scrolls of teleportation {unknown}
 n - 3 scrolls of butterflies {unknown}
Potions
 b - a potion of magic
 c - a potion of flight
 e - a potion of brilliance
 j - a potion of curing {unknown}
 o - a potion of attraction {unknown}


   Skills:
 - Level 3.0 Dodging
 - Level 1.4 Stealth
 - Level 3.6 Spellcasting
 + Level 4.2 Conjurations
 - Level 6.0 Ice Magic


You had 4 spell levels left.
You knew the following spells:

 Your Spells              Type           Power      Damage    Failure   Level
a - Freeze                Ice            100%       1d11      1%          1
b - Frozen Ramparts       Ice            52%        1d8       3%          3
c - Hailstorm             Conj/Ice       34%        3d9       17%         4

Your spell library contained the following spells:

 Spells                   Type           Power      Damage    Failure   Level
 Ozocubu's Armour         Ice            26%        N/A       3%          3


Dungeon Overview and Level Annotations

Branches:
Dungeon (6/15) Zot: 2649   Temple (1/1) D:5 Zot: 514

Altars:
Ashenzari
Dithmenos
Elyvilon
Gozag
Hepliaklqana
Makhleb
Nemelex Xobeh
Okawaru
Qazlal
Sif Muna
Trog
Uskayaw
Xom
Zin

Shops:
D:3 =

Annotations:
D:3 1 runed translucent door, Grinder; trench's ghost, amateur DrWr


Innate Abilities, Weirdness & Mutations

You passively map a small area around you.
You are easily found by Zot.
You glow in the dark.
You regain HP and MP as you explore.


Message History

You feel drained. The wight barely misses you.
The ufetubus hits you but does no damage.
The ufetubus barely misses you.
Casting: Freeze (safe; 1% risk of failure)
Confirm with . or Enter, or press ? or * to list all spells.
Casting: Frozen Ramparts (dangerous; 3% risk of failure)
Press: ? - help, Dir - look around, f - activate A stone staircase leading down.
The walls around you are covered in ice.
The wall freezes the ufetubus but does no damage.
The ufetubus misses you. The ufetubus closely misses you. The wight misses you.
You hit the wight.
The wight is almost destroyed.
The ufetubus resists.
The wall freezes the ufetubus.
The ufetubus completely misses you. The ufetubus misses you.
The ufetubus resists.
The wall freezes the ufetubus.
The ufetubus barely misses you. The ufetubus hits you.
The wight hits you with a +0 falchion!
* * * LOW HITPOINT WARNING * * *
You closely miss the wight.
The wight is almost destroyed.
The ufetubus resists.
The wall freezes the ufetubus.
The ufetubus closely misses you.
The ufetubus hits you but does no damage.
The wight hits you with a +0 falchion.
* * * LOW HITPOINT WARNING * * *
The ufetubus resists.
The wall freezes the ufetubus.
You kill the ufetubus!
You closely miss the wight.
The wight is almost destroyed.
The wight barely misses you.
You barely miss the wight.
The wight is almost destroyed.
The wight misses you.
You hit the wight but do no damage.
The wight is almost destroyed.
The wight hits you with a +0 falchion!
* * * LOW HITPOINT WARNING * * *
You feel drained. The wight hits you with a +0 falchion!
You die...

..................>........,
*
###.............###[########
###..))####.............<# *
####).# #.####........†#
##.# #.#............# #.#
#.##...#########,
#.###....#. * *
*#####.....####. *
.........@...##. ,, , ,
####....z....#*, * ,
............# , **
##..........# *
#..........#, ,
#..........#, * *
#..........# * #..........#
* ,


You could see a wight.

Vanquished Creatures
  A necrophage (D:4)
  A howler monkey (D:5)
  An orc priest (D:5)
  An iguana (D:5)
  3 adders
  An ufetubus (D:5)
  A worm (D:2)
  7 orcs
  2 bats (D:2)
  2 endoplasms
  A giant cockroach (D:1)
  2 goblins (D:3)
  6 hobgoblins
  2 jackals (D:3)
  3 quokkas
  2 ball pythons
  3 frilled lizards (D:1)
  3 kobolds
  3 rats
45 creatures vanquished.

Notes
Turn   | Place    | Note
-------+----------+-------------------------------------------
     0 | D:1      | hawla the Meteoran Ice Elementalist began the quest for the
                  | Orb.
     0 | D:1      | Reached XP level 1. HP: 14/14 MP: 5/5
   129 | D:2      | Reached XP level 2. HP: 15/20 MP: 4/6
   231 | D:3      | Found Okhihel's Jewellery Emporium.
   361 | D:3      | Noticed Grinder
   364 | D:3      | Reached XP level 3. HP: 26/26 MP: 6/8
   366 | D:3      | Paralysed by Grinder for 3 turns
   407 | D:2      | Reached skill level 5 in Ice Magic
   423 | D:2      | Learned a level 3 spell: Frozen Ramparts
   464 | D:2      | Reached XP level 4. HP: 17/33 MP: 3/10
   595 | D:3      | Learned a level 4 spell: Hailstorm
   606 | D:3      | Paralysed by Grinder for 4 turns
   629 | D:3      | Found a runed translucent door.
   639 | D:3      | Noticed trench's ghost (amateur DrWr)
   653 | D:3      | Paralysed by Grinder for 5 turns
   658 | D:3      | Found a burning altar of Makhleb.
   662 | D:3      | Paralysed by Grinder for 4 turns
   667 | D:3      | Found a stormy altar of Qazlal.
   667 | D:3      | Found a hazy altar of Hepliaklqana.
   672 | D:3      | Found a shimmering blue altar of Sif Muna.
   674 | D:3      | Found a shadowy altar of Dithmenos.
   817 | D:4      | Noticed a necrophage
   837 | D:4      | Killed a necrophage
   838 | D:4      | Reached skill level 1 in Conjurations
   838 | D:4      | Reached skill level 6 in Ice Magic
   838 | D:4      | Reached XP level 5. HP: 2/38 MP: 3/11
   857 | D:5      | Entered Level 5 of the Dungeon
   865 | D:5      | Found a staircase to the Ecumenical Temple.
   869 | D:5      | Reached XP level 6. HP: 14/45 MP: 3/12
   883 | Temple   | Entered the Ecumenical Temple
  1030 | D:5      | HP: 1/42 [wight/+0 falchion (7)]
  1030 | D:5      | Mangled by a wight

Illustrated notes

Levels and vault maps discovered:
D:1:      wheals_arrival_shading, layout_basic
D:2:      layout_basic, minmay_pentomino_r4
D:3:      layout_rooms, nicolae_overflow_hallway_of_the_gods, serial_shops,
          nicolae_diamond_shop, ebering_ghost_reflecting_pool, corner_web_ring,
          small_statue_intersection, kennysheep_generic_room_5, uniq_grinder
D:4:      layout_basic, mainiacjoe_overflow_alcove_1, serial_glass,
          glass_columns_a, glass_columns_c, glass_columns_a, glass_columns_a,
          glass_columns_b, glass_columns_b, glass_columns_a, glass_columns_a,
          minmay_fractal_squares_diagonal_5
D:5:      layout_basic, mainiacjoe_overflow_alcove_4,
          mainiacjoe_overflow_catwalk, minmay_temple_entry_proselytizer
D:6:      layout_rooms, mainiacjoe_overflow_chevrons,
          mainiacjoe_overflow_boulevard, roderic_batcave, minmay_misc_feat_rows,
          corexii_checkpoint_b
Temple:   dpeg_three_leaves_temple

Skill      XL: |  1  2  3  4  5  6 |
---------------+-------------------+-----
Spellcasting   | 3 |  3.6
Ice Magic      | 5 6 |  6.0
Dodging        | 3 |  3.0
Conjurations   | 1 2 4 |  4.2
Stealth        | |  1.4

Action                   |  1- 3 |  4- 6 || total
-------------------------+-------+-------++-------
Melee: Unarmed           |     2 |       ||     2
       Staff             |     1 |    33 ||    34
 Cast: Freeze            |    37 |    29 ||    66
       Frozen Ramparts   |     2 |     8 ||    10
  Use: Scroll            |     6 |     4 ||    10
Armor: Robe              |     4 |    17 ||    21
Dodge: Dodged            |    18 |    60 ||    78
